 Dungeon Crawl Stone Soup version 0.31-a0-198-g2ad674f65e (webtiles) character file.

Game seed: 11134495624034451904

26 qw the Shooter (level 2, 0/16 HPs)
             Began as a Deep Elf Hunter on June 25, 2023.
             Succumbed to their own poison gas
             ... on level 1 of the Dungeon.
             The game lasted 00:00:15 (363 turns).

qw the Shooter (Deep Elf Hunter)                     Turns: 363, Time: 00:00:16

Health: 0/16       AC:  5    Str:  8    XL:     2   Next: 89%
Magic:  4/4        EV: 10    Int: 13    God:
Gold:   54         SH:  0    Dex: 18    Spells: 1/1 levels left

rFire   . . .        Y - +0 shortbow
rCold   . . .        (shield currently unavailable)
rNeg    . . .        e - +0 ring mail
rPois   .            (no helmet)
rElec   .            (no cloak)
rCorr   .            (no gloves)
SInv    .            (no boots)
Will    .....        f - amulet of faith
Stlth   +            (no ring)
HPRegen 0.22/turn    (no ring)
MPRegen 0.09/turn

%: faith
@: lethally poisoned (0 -> -9)
A: no striking features
a: no special abilities


You were on level 1 of the Dungeon.
You visited 1 branch of the dungeon, and saw 1 of its levels.

You collected 54 gold pieces.


   Skills:
 - Level 1.5 Fighting
 + Level 6.6 Ranged Weapons
 - Level 2.4 Dodging
 - Level 1.2 Stealth


You had one spell level left.
You didn't know any spells.
Your spell library was empty.

Inventory:

Hand Weapons
 Y - a +0 shortbow (weapon)
Armour
 e - a +0 ring mail (worn)
Jewellery
 f - an amulet of faith (around neck)
Scrolls
 a - 2 scrolls of identify

Dungeon Overview and Level Annotations

Branches:
Dungeon (1/15)

Altars:


Message History

As you read the scroll labelled KATOIDW HAFI, it crumbles to dust.
It is a scroll of identify.
Really abort (and waste the scroll)?
Done exploring.
358 ||| READING scroll labelled WEFYEBUUPIFE.
As you read the scroll labelled WEFYEBUUPIFE, it crumbles to dust.
You feel momentarily disoriented.
It was a scroll of revelation.
Enter note:
Enter note:
Enter note: Done exploring.
359 ||| READING scroll labelled MIUSHI HIXT.
The air fills with toxic fumes!
As you read the scroll labelled MIUSHI HIXT, it crumbles to dust.
It was a scroll of poison.
Done exploring.
360 ||| DROPPING scroll of butterflies.
You drop a scroll of butterflies.
Done exploring.
(D) Dungeon
Where to? (* - list waypoints, ? - help)
What level of the Dungeon? (default 1, ? - help) Sorry, I don't know how to get there.
Enter note:
Enter note:
Enter note:
Enter note:
Enter note:
Enter note:
Enter note:
Enter note:
Enter note: Really walk into that cloud of poison gas?
You are engulfed in poison gas.
You are poisoned.
Ouch! That really hurt!
You feel very sick.
362 ||| Stepping ~*~*~tactically~*~*~ (cloud).
You feel sick.
There is a lethal amount of poison in your body!
You die...

#.# #...##..#####.......##...#.
#.###...###.......###...#...#..
#..##....###.##.....#.....#.>.#
##.##......#...¤¤¤¤¤#¤........#
#.##...##.###.¤¤¤¤¤¤¤..###....
#.###.###.####¤¤¤¤¤¤¤....#.#..
#.# #.###..###¤¤¤¤¤¤...#......
###.###.####.###¤¤¤¤##¤...#.....
#..............@¤¤¤¤¤¤¤.........
#.#.###.####..##¤¤¤¤¤##.#...#...
#.#.###.####..#?¤¤¤¤¤##.###....#
#.#..##.#####:..#######.# #.#...
#.##....####...########.###.##.#
#.####..###..#.########.##..##.#
#.# #..........#######.##.###..
##.# ##.##......#######.##.##...
#..####.....#....#######.##.##.#.


There were no monsters in sight!

Vanquished Creatures
  3 ball pythons (D:1)
  3 endoplasms (D:1)
  3 giant cockroaches (D:1)
  2 goblins (D:1)
  2 hobgoblins (D:1)
  4 jackals (D:1)
  2 kobolds (D:1)
  A rat (D:1)
20 creatures vanquished.

Notes
Turn   | Place    | Note
-------+----------+-------------------------------------------
     0 | D:1      | qw the Deep Elf Hunter began the quest for the Orb.
     0 | D:1      | Reached XP level 1. HP: 12/12 MP: 3/3
     0 | D:1      | 0 ||| qw: Version: 0.3-a-22-g0ed2b0b
     0 | D:1      | 0 ||| qw: Game counter: 5005
     0 | D:1      | 0 ||| qw: Melee chars always use a shield: true
     0 | D:1      | 0 ||| qw: God list: Okawaru
     0 | D:1      | 0 ||| qw: Allow faded altars: false
     0 | D:1      | 0 ||| qw: Do Orc after clearing Dungeon:15 true
     0 | D:1      | 0 ||| qw: Do second Lair branch before Depths: true
     0 | D:1      | 0 ||| qw: Lair rune preference: random
     0 | D:1      | 0 ||| qw: Goals: Normal
     0 | D:1      | 0 ||| PLANNING D:1-11
    93 | D:1      | Reached skill level 6 in Ranged Weapons
    93 | D:1      | Reached XP level 2. HP: 14/16 MP: 4/4
   340 | D:1      | 340 ||| UPGRADING to +0 ring mail.
   350 | D:1      | 350 ||| DROPPING +0 leather armour.
   351 | D:1      | 351 ||| DROPPING +3 leather armour.
   352 | D:1      | 352 ||| UPGRADING to amulet of faith.
   357 | D:1      | 357 ||| READING 3 scrolls labelled KATOIDW HAFI.
   358 | D:1      | 358 ||| READING scroll labelled WEFYEBUUPIFE.
   359 | D:1      | 359 ||| READING scroll labelled MIUSHI HIXT.
   360 | D:1      | 360 ||| DROPPING scroll of butterflies.
   361 | D:1      | HP: 3/16 [poisoned by you (poison gas)]
   362 | D:1      | 362 ||| Stepping ~*~*~tactically~*~*~ (cloud).
   363 | D:1      | Succumbed to their own poison gas

Levels and vault maps discovered:
D:1:      heliophobic_arrival_battle_scene, layout_rooms

Skill      XL: |  1 |
---------------+----+-----
Ranged Weapons | 6 |  6.6
Fighting       | |  1.5
Dodging        | |  2.4
Stealth        | |  1.2

Action                     || total
---------------------------++-------
   Fire: Shortbow          ||    47
    Use: Scroll            ||     3
 Armour: Leather armour    ||     2
  Dodge: Dodged            ||     6

Table legend:
 A = Non-vault XP
 B = Vault XP
 C = Vault XP percentage of total XP
 D = Non-vault monster count
 E = Vault monster count
 F = Vault count percentage of total count
                 A         B        C        D         E       F
            +---------+---------+-------+---------+---------+-------
      Total |      38 |       0 |   0.0 |      20 |       0 |   0.0
            +---------+---------+-------+---------+---------+-------
        D:1 |      38 |       0 |   0.0 |      20 |       0 |   0.0
            +---------+---------+-------+---------+---------+-------
